AoeStats
← Navix de los Bosques de Lituania

Fortress

508070658Analyzed
3v3 RM · 10d ago on Sep 20, 2026· 64m 18s· 6 players
Game mode
Random Map
Map size
Large (8 player)
Population
200
Speed
Normal
Resources
Standard
Victory
Conquest
Starting age
Dark Age
Ending age
Imperial Age
RankedLock teamsTeams togetherTeam positionsShared explorationLock speedFull tech treeHidden civsTurbo modeCheats
Victory
Defeat
🇺🇸 Poles · United States
848
+12
🇹🇷 Teutons · Türkiye
780
+15
🇨🇿 Goths · Czechia
763
+15
🇺🇸 Inca · United States
780
-16
740
-13
🇺🇸 Khmer · United States
734
-13
PFTBaller
8:25 Feudal Age
13:46 Castle Age
15:51 Double-Bit Axe
17:35 Wheelbarrow
20:55 Treadmill Crane
21:04 Horse Collar
22:30 Fortified Wall
24:57 Arson
25:13 Squires
25:59 Fletching
25:49 Pikeman
27:58 Bodkin Arrow
29:05 Ballistics
28:58 Masonry
29:41 Heavy Plow
29:55 Bow Saw
32:43 Imperial Age
30:35 Hand Cart
30:12 Town Watch
30:22 Loom
31:21 Thumb Ring
31:12 Champi Runner
33:46 Conscription
34:59 Bracer
35:00 Padded Archer Armor
35:00 Scale Mail Armor
35:11 Forging
35:23 Fabric Shields
37:20 Chain Mail Armor
41:36 Halberdier
42:49 Plate Mail Armor
42:27 Elite Kamayuk
43:47 Iron Casting
45:28 Champi Warrior
51:49 Chemistry
50:56 Siege Engineers
55:24 Elite Champi Warrior
Navix de los Bosques de Lituania
1:31 Loom
8:26 Feudal Age
8:42 Man-at-Arms
9:07 Arson
9:24 Long Swordsman
15:59 Castle Age
16:23 Wheelbarrow
17:44 Two-Handed Swordsman
18:27 Scale Mail Armor
18:37 Forging
19:07 Squires
19:27 Gold Mining
19:22 Double-Bit Axe
23:01 Gambesons
28:27 Hand Cart
30:15 Gold Shaft Mining
29:33 Stone Mining
31:07 Caravan
35:05 Chain Mail Armor
36:16 Gold Shaft Mining
38:56 Masonry
39:08 Ballistics
39:20 Pikeman
45:32 Iron Casting
50:06 Imperial Age
49:01 Coinage
50:41 Fortified Wall
52:31 Chemistry
50:57 Heavy Scorpion
ManOWar14
9:59 Feudal Age
10:59 Loom
15:25 Castle Age
13:55 Horse Collar
14:01 Double-Bit Axe
17:07 Heavy Plow
17:19 Bow Saw
18:38 Fletching
19:00 Forging
18:52 Scale Mail Armor
19:00 Scale Barding Armor
19:14 Town Watch
22:07 Pikeman
25:20 Murder Holes
34:19 Stone Mining
34:19 Gold Mining
35:37 Fortified Wall
35:49 Ballistics
35:39 Masonry
35:24 Guard Tower
38:21 Coinage
40:22 Imperial Age
40:13 Iron Casting
39:38 Scale Mail Armor
40:01 Chain Barding Armor
39:36 Bodkin Arrow
40:06 Chain Barding Armor
40:35 Elite Battle Elephant
41:25 Bloodlines
41:16 Husbandry
41:15 Heavy Scorpion
43:00 Chemistry
43:35 Plate Barding Armor
44:00 Blast Furnace
43:01 Bracer
44:41 Capped Ram
45:50 Conscription
45:34 Double Crossbow
45:43 Siege Ram
47:12 Hoardings
47:07 Arson
48:02 Wheelbarrow
47:27 Town Patrol
47:51 Conscription
54:39 Halberdier
56:14 Scale Mail Armor
58:53 Light Cavalry
amx™ (SPREAD LOVE)
5:29 Loom
9:39 Feudal Age
10:45 Double-Bit Axe
15:52 Castle Age
14:04 Horse Collar
14:17 Gold Mining
16:54 Anarchy
17:03 Squires
19:39 Forging
20:12 Heavy Plow
26:57 Pikeman
30:51 Wheelbarrow
42:23 Imperial Age
41:24 Scale Mail Armor
43:35 Halberdier
47:39 Bow Saw
49:19 Chemistry
48:52 Perfusion
52:15 Padded Archer Armor
56:51 Hand Cart
64:06 Town Watch
SaiyajiN
3:12 Loom
10:30 Feudal Age
10:56 Horse Collar
11:34 Double-Bit Axe
11:50 Gold Mining
13:09 Man-at-Arms
13:15 Man-at-Arms
13:54 Stone Mining
18:32 Castle Age
18:11 Forging
19:53 Iron Casting
19:19 Padded Archer Armor
19:09 Fletching
19:20 Scale Mail Armor
19:45 Ironclad
21:24 Stone Shaft Mining
21:19 Bloodlines
22:40 Heavy Plow
24:12 Wheelbarrow
23:53 Bow Saw
25:06 Caravan
26:48 Hand Cart
28:48 Chain Mail Armor
29:20 Town Watch
33:00 Imperial Age
31:06 Ballistics
31:52 Town Patrol
32:29 Coinage
32:45 Coinage
32:25 Gambesons
32:01 Long Swordsman
32:42 Squires
32:49 Bodkin Arrow
33:38 Fortified Wall
34:19 Crop Rotation
34:55 Blast Furnace
34:01 Scale Barding Armor
35:52 Chemistry
34:54 Cavalier
36:37 Conscription
37:06 Banking
36:50 Guilds
36:09 Two-Handed Swordsman
38:11 Two-Man Saw
36:59 Elite Teutonic Knight
38:41 Crenellations
39:12 Paladin
41:11 Hoardings
41:12 Heavy Scorpion
41:56 Champion
42:42 Pikeman
54:12 Halberdier
60:00 Chain Barding Armor
59:56 Leather Archer Armor
60:11 Plate Mail Armor
60:09 Bombard Tower
60:00 Masonry
59:42 Guard Tower
59:37 Arrowslits
Konivorus
5:10 Loom
7:31 Feudal Age
8:21 Horse Collar
8:28 Double-Bit Axe
9:21 Gold Mining
9:23 Stone Mining
15:36 Castle Age
16:49 Bloodlines
17:05 Forging
16:55 Scale Mail Armor
17:10 Forging
17:05 Scale Barding Armor
18:05 Heavy Plow
17:58 Gold Mining
19:41 Stone Shaft Mining
21:53 Caravan
23:27 Bow Saw
23:40 Light Cavalry
24:21 Husbandry
25:19 Wheelbarrow
26:38 Iron Casting
26:23 Chain Barding Armor
26:39 Szlachta Privileges
27:43 Hand Cart
28:40 Ballistics
33:31 Chain Barding Armor
33:11 Scale Mail Armor
33:02 Fletching
36:51 Imperial Age
36:23 Chain Mail Armor
36:04 Bodkin Arrow
36:14 Squires
35:59 Arson
36:54 Cavalier
36:56 Winged Hussar
38:39 Chemistry
37:34 Murder Holes
38:33 Conscription
39:03 Crop Rotation
39:51 Lechitic Legacy
39:53 Murder Holes
42:44 Blast Furnace
42:15 Plate Mail Armor
41:30 Elite Obuch
43:55 Hoardings
42:54 Capped Ram
44:17 Siege Ram
45:25 Siege Engineers
45:30 Fortified Wall
45:00 Treadmill Crane
45:43 Bracer
45:27 Onager
56:12 Masonry
Connection lost

Rejoining the realm…

Still unreachable

The connection could not be restored.

Session expired

The server has moved on; the page needs a fresh start.